 Dungeon Crawl Stone Soup version 0.30.1-9-gdf580d7c3d (webtiles) character file.

Game seed: 14053078291152747991

60 CaptainMV the Chiller (level 3, 0/26 HPs)
             Began as a Draconian Ice Elementalist on Sept 28, 2023.
             Killed by nerve-wracking pain
             ... invoked by Jessica
              (13 damage)
             ... on level 3 of the Dungeon.
             The game lasted 00:13:46 (1386 turns).

CaptainMV the Chiller (Draconian Ice Elementalist)  Turns: 1386, Time: 00:13:46

Health: 0/26       AC:  6    Str: 10    XL:     3   Next: 82%
Magic:  1/7        EV: 12    Int: 15    God:
Gold:   99         SH:  0    Dex: 19    Spells: 2/8 levels left

rFire   . . .        b - +1 dagger (venom)
rCold   . . .        (no shield)
rNeg    . . .        (body armour unavailable)
rPois   .            (helmet restricted)
rElec   .            (no cloak)
rCorr   .            d - +0 pair of gloves
SInv    .            (no boots)
Will    .....        (no amulet)
Stlth   ++           k - +6 ring of dexterity
HPRegen 0.24/turn    (no ring)
MPRegen 0.10/turn

%: no passive effects
@: slowed, very slow
A: AC +5, unfitting armour, cold-blooded
a: no special abilities


You were on level 3 of the Dungeon.
You visited 1 branch of the dungeon, and saw 3 of its levels.

You collected 99 gold pieces.

Inventory:

Hand Weapons
 b - a +1 dagger of venom (weapon)
 h - a +0 dagger
Armour
 d - a +0 pair of gloves (worn)
Magical Staves
 a - a staff of earth
Jewellery
 e - a ring of willpower
 k - a +6 ring of dexterity (left hand)
Scrolls
 l - a scroll of magic mapping {unknown}
Potions
 c - a potion of curing {unknown}
 f - a potion of berserk rage {unknown}
 g - a potion of magic
 i - 2 potions of brilliance


   Skills:
 + Level 1.8 Dodging
 + Level 1.7 Stealth
 + Level 3.0 Spellcasting
 + Level 0.2 Fire Magic
 + Level 4.8 Ice Magic


You had 2 spell levels left.
You knew the following spells:

 Your Spells              Type           Power      Damage    Failure   Level
a - Freeze                Ice            64%        1d7       2%          1
b - Frozen Ramparts       Ice            32%        1d5       9%          3
c - Scorch                Fire           4%         2d5       28%         2

Your spell library contained the following spells:

 Spells                   Type           Power      Damage    Failure   Level
 Apportation              Tloc           4%         N/A       21%         1
 Cigotuvi's Dreadful Rot  Necr/Pois/Air  4%         N/A       30%         2
 Sublimation of Blood     Necr           2%         N/A       30%         2
 Wereblood                Tmut           2%         N/A       30%         2
 Ozocubu's Armour         Ice            16%        N/A       9%          3
 Ignite Poison            Fire/Tmut/Pois 2%         N/A       52%         3
 Summon Ice Beast         Ice/Summ       9%         N/A       58%         4
 Flame Wave               Conj/Fire      2%         2d4       88%         4
 Freezing Cloud           Conj/Ice/Air   3%         6-21      96%         5
 Alistair's Intoxication  Tmut/Pois      1%         N/A       99%         5
 Summon Cactus Giant      Summ           1%         N/A       100%        6
 Summon Hydra             Summ           1%         N/A       100%        7


Dungeon Overview and Level Annotations

Branches:
Dungeon (3/15)

Altars:

Annotations:
D:3 Jessica


Innate Abilities, Weirdness & Mutations

Your plain brown scales are hard. (AC +5)
You cannot fit into any form of body armour.
You are cold-blooded and may be slowed by cold attacks.


Message History

Jessica is lightly wounded.
Jessica's fire resistance burns away.
Jessica casts a spell.
Jessica blinks!
Your frozen ramparts will break if you move.
Continue? [Y]es or [N]o only, please.
Your frozen ramparts will break if you move.
Continue?
The frozen ramparts melt away as you move.
Casting: Scorch (quite dangerous; 28% risk of failure)
Confirm with . or Enter, or press ? or * to list all spells.
You can't see any susceptible monsters within range! (Use Z to cast anyway.) Jessica casts a spell at you.
You feel yourself slow down.
Casting: Scorch (quite dangerous; 28% risk of failure)
Confirm with . or Enter, or press ? or * to list all spells.
The spell is quite dangerous to miscast (28% risk of failure)!
Continue anyway?
You miscast Scorch.
You are very lightly contaminated with residual magic.
Nothing appears to happen.
Jessica is no longer more vulnerable to fire.
Jessica gestures at you while chanting. Pain shoots through your body!
Jessica mumbles some strange words.
Jessica blinks!
You closely miss Jessica.
Jessica is lightly wounded.
Jessica casts a spell at you. Pain shoots through your body!
Jessica barely misses you.
You hit Jessica.
Jessica is poisoned.
Your tail-slap misses Jessica.
Jessica is moderately wounded.
Jessica mumbles some strange words.
Jessica blinks!
Jessica hits you with a +0 dagger.
Your magical contamination has completely faded away.
You hit Jessica but do no damage.
Jessica is moderately wounded.
Jessica points at you and mumbles some strange words.
Pain shoots through your body!
Ouch! That really hurt!
You die...

#################
##....##.........#
##⌠....##.....<....
#..._.(##..........
#.∩....##..........
#..................
#######..##@@........
#>...................
#######.#############
#.# #.#########
#.........#
#########'#########
#.............
#........#######


You could see Jessica (fast, very poisoned).

Vanquished Creatures
  An adder (D:2)
  A dart slug (D:2)
  An orc (D:3)
  3 bats
  6 endoplasms
  2 goblins
  7 hobgoblins
  4 jackals (D:1)
  5 kobolds
  4 quokkas
  3 ball pythons
  2 frilled lizards (D:1)
  2 rats (D:2)
41 creatures vanquished.

Notes
Turn   | Place    | Note
-------+----------+-------------------------------------------
     0 | D:1      | CaptainMV the Draconian Ice Elementalist began the quest
                  | for the Orb.
     0 | D:1      | Reached XP level 1. HP: 14/14 MP: 3/3
    52 | D:1      | Reached XP level 2. HP: 12/20 MP: 0/5
   237 | D:1      | Reached XP level 3. HP: 17/26 MP: 0/6
   241 | D:1      | Learned a level 3 spell: Frozen Ramparts
   803 | D:2      | Learned a level 2 spell: Scorch
  1360 | D:3      | Found a faded altar of an unknown god.
  1363 | D:3      | Noticed Jessica
  1386 | D:3      | Killed from afar by Jessica

Illustrated notes

Levels and vault maps discovered:
D:1:      dpeg_arrival_simpleton_c, layout_rooms, dk_noncrumbling_4
D:2:      layout_basic, minmay_close_crescents
D:3:      layout_basic, ebering_ecumenical_altar_abandoned, uniq_jessica,
          uniq_terence, uniq_robin

Skill      XL: |  1  2  3 |
---------------+----------+-----
Spellcasting   | 3 |  3.0
Dodging        | |  1.8
Stealth        | |  1.7
Fire Magic     | |  0.2
Ice Magic      | |  4.8

Action                     || total
---------------------------++-------
  Melee: Dagger            ||    65
         Unarmed           ||     2
         Tailslap          ||     9
   Cast: Freeze            ||    34
         Scorch            ||     4
         Frozen Ramparts   ||     2
    Use: Scroll            ||     4
   Stab: Sleeping          ||     2
 Armour: Skin              ||    22
  Dodge: Dodged            ||    66
